 Dungeon Crawl Stone Soup version 0.28.0-53-g5a82cb258f (webtiles) character file.

Game seed: 11580634970603819020

3529 Infinimo the Fighter (level 10, -2/107 HPs)
             Began as an Ogre Gladiator on June 3, 2022.
             Was a Priest of Okawaru.
             Slain by a two-headed ogre
             ... wielding a +0 giant club
              (15 damage)
             ... on level 7 of the Dungeon.
             The game lasted 00:12:24 (11291 turns).

Infinimo the Fighter (Ogre Gladiator)              Turns: 11291, Time: 00:12:27

Health: -2/107     AC:  5    Str: 24    XL:     10   Next: 8%
Magic:  10/10      EV: 11    Int:  9    God:    Okawaru [***...]
Gold:   380        SH:  0    Dex: 10    Spells: 9/9 levels left

rFire   . . .      SeeInvis .   j - +0 dagger (venom)
rCold   . . .      Faith    .   (no shield)
rNeg    . . .      Spirit   .   d - +2 robe {Will+}
rPois   .          Reflect  .   c - +0 hat
rElec   .          Harm     .   (no cloak)
rCorr   .          Rampage  .   (gloves unavailable)
Will    ++...                   (boots unavailable)
Stlth   +.........              (no amulet)
HPRegen 0.27/turn               (no ring)
MPRegen 0.12/turn               (no ring)

@: studying Poison Magic
A: large, unfitting armour, tough skin 1
a: Renounce Religion, Heroism


You were on level 7 of the Dungeon.
You worshipped Okawaru.
Okawaru was most pleased with you.
You visited 2 branches of the dungeon, and saw 8 of its levels.

You collected 380 gold pieces.

Inventory:

Hand Weapons
 j - a +0 dagger of venom (weapon)
 o - a +0 dire flail
Armour
 c - a +0 hat (worn)
 d - a +2 robe of willpower (worn)
Jewellery
 q - an amulet of magic regeneration
Wands
 i - a wand of iceblast (19)
 l - a wand of flame (5)
 s - a wand of polymorph (23)
Scrolls
 b - 2 scrolls of teleportation
 e - 3 scrolls of amnesia
 g - 2 scrolls of enchant weapon
 k - 4 scrolls of identify
 r - a scroll of fear
 t - a scroll of magic mapping
 u - a scroll of vulnerability {unknown}
Potions
 a - a potion of lignification {unknown}
 f - 2 potions of brilliance
 h - 4 potions of curing
 m - 2 potions of haste
 n - a potion of might


   Skills:
 + Level 9.6 Fighting
 * Level 9.6 Maces & Flails
 - Level 2.0 Throwing
 + Level 7.0 Dodging


You had 9 spell levels left.
You didn't know any spells.
Your spell library contained the following spells:

 Spells                   Type           Power      Damage    Failure   Level
 Ensorcelled Hibernation  Hex/Ice        0%         N/A       52%         2
 Passwall                 Tmut/Erth      0%         N/A       52%         2
 Gell's Gravitas          Tloc           0%         N/A       77%         3
 Lesser Beckoning         Tloc           0%         N/A       77%         3
 Swiftness                Air            0%         N/A       77%         3
 Teleport Other           Tloc           0%         N/A       77%         3
 Airstrike                Air            0%         N/A       99%         4
 Fireball                 Conj/Fire      0%         3d3       100%        5
 Iskenderun's Battlesphe  Conj           0%         2d6       100%        5
 Lightning Bolt           Conj/Air       0%         1d11      100%        5
 Conjure Ball Lightning   Conj/Air       0%         3x3d6     100%        6
 Orb of Destruction       Conj           0%         9d5       100%        7
 Summon Small Mammal      Summ           Unusable   N/A       N/A         1
 Call Canine Familiar     Summ           Unusable   N/A       N/A         3
 Summon Guardian Golem    Hex/Summ       Unusable   N/A       N/A         3
 Summon Lightning Spire   Summ/Air       Unusable   N/A       N/A         4

Dungeon Overview and Level Annotations

Branches:
Dungeon (7/15)             Temple (1/1) D:4

Altars:
Ashenzari
Cheibriados
Elyvilon
Fedhas
Gozag
Kikubaaqudgha
Makhleb
Nemelex Xobeh
Okawaru
Qazlal
Trog
Wu Jian
Yredelemnul
Zin
The Shining One

Shops:
D:7 :

Annotations:
D:7 2 runed translucent doors


Innate Abilities, Weirdness & Mutations

You are too large for most types of armour.
You have tough skin. (AC +1)


Message History

You closely miss the troll.
The troll is severely wounded.
You bludgeon the troll!!
You kill the troll!
Okawaru accepts your kill.
The troll leather armour is intact enough to wear.
Your Dodging skill increases to level 7!
Throw: throwing net
Press: ? - help, Shift-Dir - straight line, f - two-headed ogre
Aim: a two-headed ogre, wielding a +0 giant club and a +0 giant spiked club (76% to hit)
You throw a throwing net.
The throwing net hits the two-headed ogre.
The two-headed ogre is caught in the net!
The two-headed ogre struggles against the net.
The two-headed ogre struggles against the net.
Your +0 dagger of venom begins to drip with poison!
j - a +0 dagger of venom (weapon)
The two-headed ogre struggles against the net.
You hit the two-headed ogre but do no damage.
The two-headed ogre is poisoned.
The two-headed ogre struggles against the net.
You hit the two-headed ogre but do no damage.
The two-headed ogre struggles against the net.
You hit the two-headed ogre.
The two-headed ogre looks as sick as possible!
The two-headed ogre is lightly wounded.
The two-headed ogre struggles against the net.
You hit the two-headed ogre.
The two-headed ogre looks as sick as possible!
The two-headed ogre is lightly wounded.
The two-headed ogre struggles against the net.
The net rips apart, and the two-headed ogre comes free!
You hit the two-headed ogre but do no damage.
The two-headed ogre looks as sick as possible!
You punch the two-headed ogre.
The two-headed ogre is heavily wounded.
The two-headed ogre hits you with a +0 giant club!!
* * * LOW HITPOINT WARNING * * *
The two-headed ogre hits you with a +0 giant spiked club!
You die...

#..# #.# ###
##)########.########### #..
#.)).....##...........# #..
#.#.#...>###..........# #..
#.._.....# #o.........# #..
#.#.#....# #..........####.
#........# ##<............#
#........#####............#
#.........@O.o.............
#........#####...####......
######.### ##### #......
#.# #...# #...... #.# #.#.#
######. #.# #.#.# #. #.#
#.#.# #. #.#######.#.#
#######.
#.....)...#.###(.####.


You could see a two-headed ogre (extremely poisoned) and an orc.

Vanquished Creatures
  A cyclops (D:7)
  A troll (D:7)
  Sigmund (D:4)
  A wraith (D:7)
  A water moccasin (D:7)
  A black bear (D:6)
  A sky beast (D:7)
  2 orc warriors (D:4)
  2 ice beasts
  A necrophage (D:4)
  3 ogres
  4 centaurs (D:7)
  A kobold brigand (D:7)
  3 bullfrogs (D:7)
  A scorpion (D:4)
  A water moccasin zombie (D:5)
  A wyvern zombie (D:7)
  3 wights (D:6)
  2 jellies
  A howler monkey (D:5)
  A bullfrog zombie (D:7)
  A centaur skeleton (D:5)
  5 hounds
  2 orc priests (D:5)
  A bullfrog skeleton (D:4)
  An iguana (D:4)
  3 orc wizards
  2 killer bee zombies (D:7)
  A hound skeleton (D:4)
  6 adders
  2 river rats (D:5)
  3 white imps
  An ufetubus (D:5)
  4 worms
  2 dart slugs
  11 orcs
  12 endoplasms
  4 giant cockroaches
  9 goblins
  5 hobgoblins
  6 jackals
  10 kobolds
  6 quokkas
  9 ball pythons
  3 bats
  A frilled lizard (D:2)
  8 rats
151 creatures vanquished.

Notes
Turn   | Place    | Note
-------+----------+-------------------------------------------
     0 | D:1      | Infinimo the Ogre Gladiator began the quest for the Orb.
     0 | D:1      | Reached XP level 1. HP: 22/22 MP: 1/1
   172 | D:1      | Reached XP level 2. HP: 27/31 MP: 2/2
   195 | D:1      | HP: 1/31 [goblin/+0 dagger (2)]
   938 | D:1      | Reached XP level 3. HP: 37/37 MP: 3/3
  1390 | D:2      | Found a faded altar of an unknown god.
  1561 | D:2      | Reached XP level 4. HP: 35/46 MP: 4/4
  2261 | D:3      | Noticed an ice beast
  2600 | D:2      | Killed an ice beast
  2601 | D:2      | Reached XP level 5. HP: 55/55 MP: 5/5
  2939 | D:3      | Found a glowing golden altar of the Shining One.
  3198 | D:4      | Reached XP level 6. HP: 28/63 MP: 6/6
  3400 | D:4      | Found a staircase to the Ecumenical Temple.
  3422 | Temple   | Entered the Ecumenical Temple
  3501 | Temple   | Became a worshipper of Warmaster Okawaru
  3752 | D:4      | Reached skill level 5 in Fighting
  3752 | D:4      | Reached skill level 5 in Maces & Flails
  4045 | D:4      | Noticed Sigmund
  4166 | D:4      | Found a bloodstained altar of Trog.
  4218 | D:4      | Reached * piety under Okawaru
  4219 | D:4      | Reached XP level 7. HP: 53/72 MP: 7/7
  4755 | D:4      | Killed Sigmund
  4986 | D:5      | Entered Level 5 of the Dungeon
  5972 | D:4      | Reached XP level 8. HP: 25/84 MP: 8/8
  6558 | D:5      | Reached skill level 5 in Dodging
  8925 | D:6      | Reached ** piety under Okawaru
  9129 | D:6      | Found a sparkling altar of Nemelex Xobeh.
  9171 | D:6      | Reached XP level 9. HP: 96/96 MP: 9/9
  9398 | D:6      | Found a broken altar of Ashenzari.
  9591 | D:7      | Found a large runed translucent door.
  9591 | D:7      | Found a large runed translucent door.
  9692 | D:7      | Noticed a cyclops
  9702 | D:7      | Killed a cyclops
  9727 | D:7      | Reached *** piety under Okawaru
 10010 | D:7      | Noticed a two-headed ogre
 10010 | D:7      | Noticed a troll
 10016 | D:7      | Found a large runed translucent door.
 10016 | D:7      | Found a large runed translucent door.
 10066 | D:7      | Found an ornate altar of the Wu Jian Council.
 10403 | D:7      | Found Vebotad's Book Emporium.
 11152 | D:7      | Reached XP level 10. HP: 104/107 MP: 10/10
 11291 | D:7      | Slain by a two-headed ogre

Illustrated notes

Levels and vault maps discovered:
D:1:      zaba_arrival_water, layout_rooms, minivault_14, minmay_pentomino_t2
D:2:      layout_rooms, chequers_ecumenical_altar_simple
D:3:      layout_rooms, nicolae_tso_carved_into_rock
D:4:      layout_loops_cross, lightli_temple_of_fire,
          minmay_temple_entry_arrows, uniq_sigmund
D:5:      layout_basic, gup_sewer_entry_spiral, minmay_manual_macuahuitl
D:6:      layout_basic, mainiacjoe_overflow_six_doors_small,
          mainiacjoe_overflow_alcove_1
D:7:      layout_basic, lemuel_crystal_altar, serial_shops, nicolae_square_shop,
          minmay_hollow_rounded_squares
Temple:   eino_temple_lava

Skill      XL: |  1  2  3  4  5  6  7  8  9 10 |
---------------+-------------------------------+-----
Fighting       | 3 4 5 6 7 9 |  9.6
Maces & Flails | 3 4 5 6 7 9 |  9.6
Dodging        | 3 4 5 6 7 |  7.0
Throwing       | |  2.0

Action                   |  1- 3 |  4- 6 |  7- 9 | 10-12 || total
-------------------------+-------+-------+-------+-------++-------
Melee: Flail             |    78 |     2 |    31 |       ||   111
       Dagger            |    34 |   168 |   158 |     5 ||   365
       Punch             |     2 |     4 |     5 |     1 ||    12
       Dire flail        |       |       |   183 |     7 ||   190
Throw: Throwing net      |       |     1 |     3 |     1 ||     5
  Use: Scroll            |     1 |    10 |       |       ||    11
       Potion            |       |     1 |     2 |       ||     3
 Stab: Sleeping          |       |       |     1 |       ||     1
Armor: Robe              |    46 |    46 |   107 |       ||   199
       Skin              |       |       |     3 |       ||     3
Dodge: Dodged            |    64 |    78 |   191 |     4 ||   337
